 Dungeon Crawl Stone Soup version 0.18.1-8-gdd0e5ea (webtiles) character file.

472 LORDOFBUTT the Cudgeler (level 6, -5/56 HPs)
             Began as a Minotaur Chaos Knight on May 24, 2016.
             Killed by nerve-wracking pain
             ... invoked by an orc priest
              (14 damage)
             ... on level 5 of the Dungeon.
             The game lasted 00:04:10 (2586 turns).

LORDOFBUTT the Cudgeler (Minotaur Chaos Knight)     Turns: 2586, Time: 00:04:10

Health: -5/56      AC:  5    Str: 16    XL:     6   Next: 83%
Magic:  5/5        EV: 12    Int:  9    God:    Xom [..*...]
Gold:   239        SH:  0    Dex:  8    Spells: 0 memorised, 5 levels left

rFire  + . .     SeeInvis .     l - +7 dagger of Xothrosa {drain, rElec rPois Dex-4}
rCold  + . .     Gourm    .     b - +2 leather armour
rNeg   . . .     Faith    .     (no shield)
rPois  +         Spirit   .     (helmet restricted)
rElec  +         Dismiss  .     (no cloak)
rCorr  .         Reflect  .     (no gloves)
SustAt .         Harm     .     (no boots)
MR     .....                    (no amulet)
Stlth  +.........               j - ring of protection from fire
                                g - ring of protection from cold

@: not resistant to hostile enchantments, very unstealthy
A: retaliatory headbutt, horns 2
a: Renounce Religion


You were on level 5 of the Dungeon.
You worshipped Xom.
You were a toy of Xom.
You were hungry.

You visited 1 branch of the dungeon, and saw 5 of its levels.

You collected 239 gold pieces.

Inventory:

Hand Weapons
 a - a +0 mace of chaos
 l - the +7 dagger of Xothrosa (weapon) {drain, rElec rPois Dex-4}
   (You found it on level 4 of the Dungeon)

   A truly terrible weapon, it drains the life of those it strikes.
   It affects your dexterity (-4).
   It insulates you from electricity.
   It protects you from poison.
Armour
 b - a +2 leather armour (worn)
Jewellery
 g - a ring of protection from cold (left hand)
 j - a ring of protection from fire (right hand)
Wands
 f - a wand of slowing (17/48)
Scrolls
 i - 2 scrolls of amnesia
 n - 2 scrolls of recharging
 r - 3 scrolls of remove curse
 s - 2 scrolls of noise {unknown}
 t - a scroll of enchant armour {unknown}
 v - a scroll of identify
Potions
 d - 3 potions of degeneration
 e - 3 potions of curing
 h - a potion of haste
 k - a potion of brilliance {unknown}
 m - 3 potions of agility
 q - a potion of cure mutation {unknown}
 u - a potion of magic {unknown}
Books
 w - a book of Cantrips

   Spells                             Type                      Level
   a - Corona                         Hexes                        1
   b - Animate Skeleton               Necromancy                   1
   c - Summon Small Mammal            Summoning                    1
   d - Apportation                    Translocation                1
Comestibles
 c - 3 bread rations
 o - 2 fruits
 p - 3 meat rations


   Skills:
 + Level 5.3 Fighting
 * Level 1.3 Short Blades
 - Level 5.6 Maces & Flails
 + Level 3.2 Armour
 + Level 4.8 Dodging
 + Level 1.0 Stealth


You had 5 spell levels left.
You didn't know any spells.

Dungeon Overview and Level Annotations

Branches:
Dungeon (5/15)             Temple (0/1) D:5

Altars:
Cheibriados
Elyvilon
Fedhas
Makhleb
Pakellas
Vehumet
Yredelemnul


Innate Abilities, Weirdness & Mutations

You reflexively headbutt those who attack you in melee.
You have a pair of horns on your head.


Message History

The dart slug closely misses you.
You hit the dart slug.
You kill the dart slug!
You hit the orc. You headbutt the orc.
You kill the orc!
The orc hits you.
* * * LOW HITPOINT WARNING * * *
You hit the orc. You drain the orc!
You kill the orc!
The orc closely misses you.
You hit the orc. You drain the orc!
You kill the orc!
The orc priest hits you but does no damage.
Items here: )) [ †† a short sword of venom; a leather armour; a hand axe; an orc corpse x2
You hit the orc priest.
The orc priest is moderately wounded.
The orc priest invokes the aid of Beogh against you.
Pain shoots through your body!
You die...

♣♣♣♣ ♣♣%..♣
♣♣.....♣♣
♣.%.....♣♣
...._..†.♣
......o@.♣♣
.....%....♣
♣.......♣.♣
♣♣♣...♣♣♣♣♣
♣... ♣....
..... #####


You could see an orc priest.

Vanquished Creatures
  The ghost of harwe the Ducker, an amateur SpMo of Fedhas (D:3)
  A howler monkey (D:4)
  A centaur zombie (D:5)
  An orc wizard (D:3)
  Ijyb (D:3)
  Terence (D:3)
  A worker ant (D:4)
  A howler monkey skeleton (D:4)
  5 adders
  A shadow imp (D:5)
  4 worms (D:2)
  2 dart slugs
  3 giant geckos
  12 orcs
  2 ball pythons (D:2)
  15 goblins
  12 hobgoblins
  11 jackals
  9 kobolds
  5 quokkas
  4 bats
  3 giant newts
  A jackal skeleton (D:4)
  6 rats
103 creatures vanquished.

Notes
Turn   | Place    | Note
--------------------------------------------------------------
     0 | D:1      | LORDOFBUTT the Minotaur Chaos Knight began the quest for the Orb.
     0 | D:1      | Reached XP level 1. HP: 19/19 MP: 0/0
     6 | D:1      | Noticed a wyvern
     6 | D:1      | Noticed a black mamba
     7 | D:1      | Noticed a polar bear
   153 | D:1      | Reached XP level 2. HP: 19/27 MP: 1/1
   699 | D:2      | Reached XP level 3. HP: 30/34 MP: 2/2
   850 | D:2      | XOM: smoke on damage
  1002 | D:2      | XOM: colour smoke trail
  1037 | D:2      | Reached XP level 4. HP: 28/41 MP: 3/3
  1041 | D:2      | XOM: harmless Air miscast
  1081 | D:2      | XOM: noise
  1143 | D:2      | Found a snail-covered altar of Cheibriados.
  1143 | D:2      | Found an oddly glowing altar of Pakellas.
  1237 | D:3      | Noticed harwe's ghost (amateur SpMo)
  1242 | D:3      | XOM: cast spell 'Ring of Flames'
  1243 | D:3      | Killed harwe's ghost
  1243 | D:3      | Reached skill level 5 in Fighting
  1243 | D:3      | Reached skill level 5 in Maces & Flails
  1243 | D:3      | Reached XP level 5. HP: 29/48 MP: 4/4
  1357 | D:3      | XOM: confuse monster(s)
  1372 | D:3      | XOM: divination: magic mapping
  1478 | D:3      | XOM: divination: detect creatures
  1506 | D:3      | Reached XP level 6. HP: 38/56 MP: 5/5
  1563 | D:3      | Noticed Ijyb
  1578 | D:3      | Killed Ijyb
  1686 | D:3      | Found a white marble altar of Elyvilon.
  1746 | D:3      | Found a basalt altar of Yredelemnul.
  1788 | D:3      | XOM: harmless Hex miscast
  1967 | D:3      | Noticed Terence
  1978 | D:3      | Killed Terence
  2073 | D:3      | XOM: silly message
  2111 | D:3      | You fall through a shaft for 2 floors!
  2111 | D:5      | Entered Level 5 of the Dungeon
  2209 | D:4      | Got a polished dagger
  2210 | D:4      | Identified the +7 dagger of Xothrosa {drain, rElec rPois Dex-4} (You found it on level 4 of the Dungeon)
  2260 | D:4      | Found a burning altar of Makhleb.
  2326 | D:4      | Found a radiant altar of Vehumet.
  2366 | D:4      | Reached skill level 1 in Stealth
  2481 | D:4      | XOM: mild Conj miscast
  2551 | D:5      | XOM: harmless Fire miscast
  2564 | D:5      | Found a staircase to the Ecumenical Temple.
  2573 | D:5      | Reached skill level 1 in Short Blades
  2578 | D:5      | Found a blossoming altar of Fedhas.
  2586 | D:5      | Killed from afar by an orc priest

Skill      XL: |  1  2  3  4  5  6 |
---------------+-------------------+-----
Fighting       | 4 5 |  5.3
Maces & Flails | 4 5 |  5.6
Dodging        | 2 3 4 |  4.8
Armour         | 3 |  3.2
Stealth        | 1 |  1.0
Short Blades   | 1 |  1.3

Action                   |  1- 3 |  4- 6 || total
-------------------------+-------+-------++-------
Melee: Mace              |    94 |   125 ||   219
       Headbutt          |     8 |    21 ||    29
       Dagger            |       |    38 ||    38
  Use: Scroll            |     4 |     5 ||     9
       Potion            |     2 |     1 ||     3
 Stab: Petrifying        |       |     2 ||     2
       Sleeping          |       |     2 ||     2
  Eat: Meat ration       |     1 |       ||     1
Armor: Leather armour    |    39 |    47 ||    86
Dodge: Dodged            |    50 |   100 ||   150
